 Dungeon Crawl Stone Soup version 0.30-a0-852-g08b95dd62f (webtiles) character file.

Game seed: 22943725721359156

25 Monkooky the Sneak (level 2, 0/25 HPs)
             Began as a Demigod Delver on Mar 4, 2023.
             Slain by a gnoll
             ... wielding a +0 spear
              (4 damage)
             ... on level 2 of the Dungeon.
             The game lasted 00:03:27 (1296 turns).

Monkooky the Sneak (Demigod Delver)                 Turns: 1296, Time: 00:03:28

Health: 0/25       AC: 10    Str: 13    XL:     2   Next: 63%
Magic:  4/4        EV:  3    Int: 12    God:
Gold:   112        SH:  0    Dex: 20    Spells: 1/1 levels left

rFire   . . .      SeeInvis .      - Unarmed
rCold   + . .      Faith    .    (no shield)
rNeg    . . .      Spirit   .    c - +0 plate armour of the Fabulous God {rC+ Dex+5}
rPois   .          Reflect  .    (no helmet)
rElec   .          Rampage  .    (no cloak)
rCorr   .                        (no gloves)
Will    .....                    (no boots) Stlth
                                 (no amulet)
HPRegen 0.24/turn                (no ring)
MPRegen 0.09/turn                (no ring)

@: no status effects
A: high MP 1, forlorn, divine attributes
a: no special abilities


You were on level 2 of the Dungeon.
You visited 1 branch of the dungeon, and saw 5 of its levels.

You collected 112 gold pieces.

Inventory:

Armour
 a - a +0 leather armour
 c - the +0 plate armour of the Fabulous God (worn) {rC+ Dex+5}
   (You found it on level 5 of the Dungeon)

   Dex:       It affects your dexterity (+5).
   rC:        It protects you from cold.
Jewellery
 h - a ring of magical power
Wands
 f - a wand of digging (1)
Scrolls
 b - a scroll of fog
 g - a scroll of identify {unknown}
 i - a scroll of enchant armour {unknown}
 k - a scroll of teleportation {unknown}
Potions
 d - 2 potions of ambrosia {unknown}
 e - 2 potions of curing {unknown}
 j - a potion of might {unknown}


   Skills:
 - Level 2.6 Fighting
 - Level 1.7 Dodging
 - Level 4.5 Stealth
 + Level 3.1 Unarmed Combat


You had one spell level left.
You didn't know any spells.
Your spell library contained the following spells:

 Spells                   Type           Power      Damage    Failure   Level
 Hailstorm                Conj/Ice       0%         3d3       100%        3
 Ignite Poison            Fire/Tmut/Pois 0%         N/A       100%        3
 Kindle Blastsparks       Fire/Tloc/Air  0%         2d10      100%        3
 Ice Form                 Ice/Tmut       0%         N/A       100%        4
 Freezing Cloud           Conj/Ice/Air   0%         6-21      100%        5
 Simulacrum               Ice/Necr       0%         N/A       100%        6


Dungeon Overview and Level Annotations

Branches:
Dungeon (5/15)
 Temple: D:4-7


Innate Abilities, Weirdness & Mutations

You have an increased reservoir of magic. (+10% MP)
You shall have no god before yourself.
Your divine heritage dramatically boosts your attributes as you level up.


Message History

You closely miss the gnoll.
The gnoll is severely wounded.
The gnoll hits you but does no damage.
You barely miss the gnoll.
The gnoll is severely wounded.
The gnoll barely misses you.
You hit the gnoll but do no damage.
The gnoll is severely wounded.
The gnoll barely misses you.
You hit the gnoll but do no damage.
The gnoll is severely wounded.
The gnoll hits you with a +0 spear.
You hit the gnoll.
You kill the gnoll!
Your Unarmed Combat skill increases to level 3!
No target in view!
You start resting.
HP restored.
You climb downwards.
The gnoll barely misses you.
There is a stone staircase leading up here.
The gnoll hits you but does no damage. The gnoll hits you with a +0 spear.
You hit the gnoll.
The gnoll is heavily wounded.
The gnoll hits you from afar with a +0 spear.
The gnoll hits you with a +0 spear.
You hit the gnoll.
The gnoll is almost dead.
The gnoll hits you from afar with a +0 spear.
The gnoll hits you but does no damage.
You hit the gnoll but do no damage.
The gnoll is almost dead.
The gnoll hits you but does no damage. x2
You closely miss the gnoll.
The gnoll is almost dead.
The gnoll hits you with a +0 spear.
* * * LOW HITPOINT WARNING * * *
The gnoll hits you from afar with a +0 spear.
* * * LOW HITPOINT WARNING * * *
The gnoll hits you from afar with a +0 spear.
You die...

.. ....#####
..g..g..# ####.####
+.......# ###.###.#
###...g.###
#....#.g.@# #####
#.##.#.####
....####.#....#####
....+........J>...#
....####.#..##.##.#
....####'#####r##<#
.......ggggJ......#
..........####.####
..........# #.#


You could see 2 gnolls.

Vanquished Creatures
  A gnoll (D:1)
  A ball python (D:1)
  A bat (D:1)
  An endoplasm (D:1)
  A giant cockroach (D:2)
  3 hobgoblins
  2 quokkas
  A frilled lizard (D:1)
  2 kobolds
13 creatures vanquished.

Notes
Turn   | Place    | Note
-------+----------+-------------------------------------------
     0 | D:5      | Monkooky the Demigod Delver began the quest for the Orb.
     0 | D:5      | Reached XP level 1. HP: 18/18 MP: 3/3
    34 | D:5      | Noticed a hound
    35 | D:5      | Noticed a bullfrog
    52 | D:5      | Noticed a phantom
    55 | D:5      | Identified the +0 plate armour of the Fabulous God {rC+
                  | Dex+5}
    56 | D:5      | Noticed an orc priest
    65 | D:5      | Noticed a phantom
   995 | D:2      | Reached XP level 2. HP: 13/25 MP: 4/4
  1296 | D:2      | Slain by a gnoll

Illustrated notes

Levels and vault maps discovered:
D:1:      tekkud_arrival_beachfront_property, layout_basic, moated_statue
D:2:      layout_basic, uniq_sigmund
D:3:      minmay_octagon_keep, layout_basic, serial_forest,
          infiniplex_forest_corner_1, infiniplex_forest_zigzag_1,
          infiniplex_forest_clump_double, infiniplex_forest_lined_4_way,
          infiniplex_forest_end_1, basic_ecumenical_altar, goddamned_bats
D:4:      layout_basic, serial_curves, eino_curves_02, eino_curves_04,
          eino_curves_03
D:5:      layout_basic, serial_shops, nicolae_shop_stone, uniq_menkaure

Skill      XL: |  1  2 |
---------------+-------+-----
Unarmed Combat | 2 3 |  3.1
Fighting       | |  2.6
Dodging        | |  1.7
Stealth        | |  4.5

Action                     || total
---------------------------++-------
  Melee: Unarmed           ||    59
         Punch             ||     1
  Evoke: Wand              ||     2
    Use: Scroll            ||     3
         Potion            ||     1
 Armour: Plate armour      ||    73
         Leather armour    ||     4
  Dodge: Dodged            ||    26

Table legend: (Time is in decaauts)
 A = Elapsed time spent in this place.
 B = Non-inter-level travel time spent in this place.
 C = Inter-level travel time spent in this place.
 D = Time resting spent in this place.
 E = Time spent auto-exploring this place.
 F = Levels seen in this place.
 G = Mean time per level.
                   A        B        C        D        E       F      G
               +--------+--------+--------+--------+--------+-----+--------+
         Total |   1279 |   1240 |     39 |    136 |    797 |   5 |  255.8 |
       Dungeon |   1279 |   1240 |     39 |    136 |    797 |   5 |  255.8 |
               +--------+--------+--------+--------+--------+-----+--------+

Top non-repeatable levels by time:
     D:1: 838 daAuts
     D:2: 349 daAuts
     D:5: 62 daAuts
     D:4: 18 daAuts
     D:3: 10 daAuts
